 Dungeon Crawl Stone Soup version 0.31-a0-365-gcf821cafb2 (webtiles) character file.

Game seed: 9341340118293687698

431 bobarctor the Grave Robber (level 6, -1/41 HPs)
             Began as a Demonspawn Necromancer on July 28, 2023.
             Killed from afar by a white imp (12 damage)
             ... with a puff of frost
             ... on level 5 of the Dungeon.
             The game lasted 00:27:41 (3953 turns).

bobarctor the Grave Robber (Demonspawn Necromancer) Turns: 3953, Time: 00:27:42

Health: -1/41      AC:  2    Str:  9    XL:     6   Next: 66%
Magic:  13/13      EV: 12    Int: 18    God:
Gold:   139        SH:  4    Dex: 13    Spells: 5/14 levels left

rFire   . . .        w - +2 whip (elec)
rCold   . . .        (no shield)
rNeg    . . .        a - +0 robe
rPois   .            (helmet currently unavailable)
rElec   .            (cloak currently unavailable)
rCorr   .            (gloves currently unavailable)
SInv    .            (boots currently unavailable)
Will    +....        (no amulet)
Stlth   ++           p - ring of willpower
HPRegen 0.26/turn    (no ring)
MPRegen 0.13/turn

%: no passive effects
@: beast-form
A: beast (slay +0), hooves 1, powered by death 2, condensation shield
a: Begin Untransformation


You were on level 5 of the Dungeon.
You were a hulking beast.
You visited 2 branches of the dungeon, and saw 6 of its levels.

You collected 139 gold pieces.

Inventory:

Hand Weapons
 o - a +2 whip of freezing
 w - a +2 whip of electrocution (weapon)
Missiles
 g - 32 stones
 r - 5 poisoned darts
 y - 4 boomerangs
Armour
 a - a +0 robe (worn)
Magical Staves
 q - a staff of death
Jewellery
 p - a ring of willpower (left hand)
Talismans
 i - a beast talisman
Scrolls
 e - a scroll of enchant armour {unknown}
 f - a scroll of brand weapon {unknown}
 h - a scroll of butterflies {unknown}
 l - a scroll of teleportation {unknown}
 m - 2 scrolls of blinking {unknown}
 x - a scroll of torment {unknown}
Potions
 b - 2 potions of magic
 d - a potion of brilliance {unknown}
 j - 2 potions of haste {unknown}
 k - a potion of attraction {unknown}
 n - 2 potions of curing {unknown}
 s - 4 potions of enlightenment {unknown}
 v - a potion of lignification {unknown}
 z - 2 potions of might {unknown}
 A - a potion of cancellation {unknown}


   Skills:
 + Level 1.8 Dodging
 + Level 2.3 Stealth
 + Level 0.1 Shields
 * Level 4.7 Spellcasting
 + Level 5.6 Necromancy
 * Level 2.1 Translocations
 + Level 0.1 Transmutations
 * Level 1.6 Poison Magic


You had 5 spell levels left.
You knew the following spells:

 Your Spells              Type           Power      Damage    Failure   Level
a - Necrotise             Necr           96%        1d8       1%          1
b - Sting                 Tmut/Pois      28%        1d4       10%         1
c - Vampiric Draining     Necr           24%        2d7       4%          3
d - Blink                 Tloc           24%        N/A       9%          2
e - Poisonous Vapours     Pois/Air       14%        N/A       14%         2

Your spell library contained the following spells:

 Spells                   Type           Power      Damage    Failure   Level
 Animate Dead             Necr           24%        N/A       13%         4
 Agony                    Necr           24%        N/A       36%         5
 Manifold Assault         Tloc           12%        N/A       50%         4
 Olgreb's Toxic Radiance  Pois           10%        N/A       56%         4


Dungeon Overview and Level Annotations

Branches:
Dungeon (5/15)             Temple (1/1) D:5

Altars:
Ashenzari
Dithmenos
Fedhas
Gozag
Nemelex Xobeh
Okawaru
Ru
Sif Muna
Uskayaw
Wu Jian
Xom
Yredelemnul

Shops:
D:4 :


Innate Abilities, Weirdness & Mutations

You are a hulking beast.
Your limbs bulge with bestial killing power. (Slay +0)
You have large cloven feet.
You regenerate health from kills.
A meltable shield of frost defends you. (SH +4)


Message History

There is a staircase back to the Dungeon here.
You climb upwards.
Welcome back to the Dungeon!
There is a staircase to the Ecumenical Temple here.
The white imp gestures at you. The puff of frost hits you!
There is a staircase to the Ecumenical Temple here.
The white imp gestures at you. The puff of frost hits you!
There is a staircase to the Ecumenical Temple here.
You climb downwards.
Welcome back to the Ecumenical Temple!
There is a staircase back to the Dungeon here.
You start resting.
HP restored.
You climb upwards.
Welcome back to the Dungeon!
There is a staircase to the Ecumenical Temple here.
The white imp gestures at you. The puff of frost hits you!
You closely miss the white imp. Your kick misses the white imp.
The white imp shouts, "Escape, thou qualling spleeny bladder!"
The white imp gestures at you. The puff of frost hits you.
You hit the white imp.
The white imp is moderately wounded.
The white imp gestures at you. The puff of frost hits you!
You completely miss the white imp.
The white imp is moderately wounded.
The white imp barely misses you.
There is a staircase to the Ecumenical Temple here.
You hit the white imp but do no damage.
The white imp is moderately wounded.
The white imp hits you but does no damage.
The white imp gestures at you. The puff of frost hits you!
* * * LOW HITPOINT WARNING * * *
You barely miss the white imp.
The white imp is moderately wounded.
The white imp gestures at you. The puff of frost hits you!
You die...

#### #.......... .# ...#
#......#..#####.. ...#
.................# ...#
......≈≈≈≈≈......# ...#
.....≈≈≈≈≈≈≈≈≈....# ...#
...≈≈≈≈≈≈≈≈≈≈≈≈≈..# ...#
###.≈≈≈≈≈≈...≈≈≈≈≈≈.#
...###...≈≈≈≈≈≈.h5≈≈≈≈≈≈.#
.....#...≈≈≈≈≈≈...≈≈≈≈≈≈.#
.....#...≈≈≈≈≈≈≈≈≈~~≈≈≈≈.#
..........≈≈≈≈≈≈≈≈≈≈~≈≈..#
#...........≈≈≈≈≈≈≈≈≈....###
########......≈≈≈≈≈........#
# #...................# #
####..........#.....# #
#..........#.....#


You could see a white imp.

Vanquished Creatures
  A hound (D:4)
  A gnoll bouda (D:4)
  3 iguanas
  A sleepcap (D:5)
  An orc wizard (D:4)
  10 gnolls
  4 adders
  An ufetubus (D:5)
  A worm (D:3)
  4 dart slugs
  5 orcs
  7 ball pythons
  3 endoplasms
  A giant cockroach (D:2)
  4 hobgoblins
  3 jackals (D:4)
  4 quokkas
  6 bats
  2 frilled lizards
  7 goblins
  3 kobolds
  7 rats
79 creatures vanquished.

Vanquished Creatures (collateral kills)
  2 gnolls
  A dart slug (D:4)
  2 endoplasms (D:1)
  A goblin (D:1)
  A kobold (D:1)
7 creatures vanquished.

Grand Total: 86 creatures vanquished

Notes
Turn   | Place    | Note
-------+----------+-------------------------------------------
     0 | D:1      | bobarctor the Demonspawn Necromancer began the quest for
                  | the Orb.
     0 | D:1      | Reached XP level 1. HP: 13/13 MP: 3/3
   115 | D:1      | Learned a level 1 spell: Sting
   336 | D:1      | Gained mutation: A meltable shield of frost defends you.
                  | (SH +4) [demonic ancestry]
   336 | D:1      | Reached XP level 2. HP: 19/19 MP: 3/5
  1244 | D:2      | Gained mutation: You regenerate a little health from kills.
                  | [demonic ancestry]
  1244 | D:2      | Reached XP level 3. HP: 24/24 MP: 3/6
  1344 | D:2      | Found a faded altar of an unknown god.
  1406 | D:2      | Reached skill level 5 in Necromancy
  1977 | D:2      | Learned a level 3 spell: Vampiric Draining
  2028 | D:3      | Gained mutation: You have large cloven feet. [demonic
                  | ancestry]
  2028 | D:3      | Reached XP level 4. HP: 30/30 MP: 3/8
  2162 | D:3      | Learned a level 2 spell: Blink
  2238 | D:2      | Reached skill level 1 in Translocations
  2300 | D:3      | Reached XP level 5. HP: 21/35 MP: 2/10
  2506 | D:4      | Learned a level 2 spell: Poisonous Vapours
  2636 | D:4      | Reached skill level 1 in Poison Magic
  2811 | D:4      | Gained mutation: You regenerate health from kills. [demonic
                  | ancestry]
  2811 | D:4      | Reached XP level 6. HP: 16/41 MP: 2/12
  2946 | D:4      | Found a shadowy altar of Dithmenos.
  3188 | D:4      | Found a shimmering altar of Xom.
  3188 | D:4      | Noticed an angel
  3461 | D:4      | Found Corhimyu's Vocational Training.
  3522 | D:5      | Entered Level 5 of the Dungeon
  3740 | D:5      | Found a staircase to the Ecumenical Temple.
  3753 | D:5      | Noticed a yak
  3763 | Temple   | Entered the Ecumenical Temple
  3953 | D:5      | Killed from afar by a white imp

Illustrated notes

Levels and vault maps discovered:
D:1:      lightli_arrival_maybe_door_vault, layout_basic, minmay_misc_feat_chi,
          amcnicky_mini_rare_corridor_liquid
D:2:      layout_rooms, dreamdust_ecumenical_altar_angels_and_demons,
          minmay_misc_feat_encased
D:3:      layout_rooms
D:4:      wander_river, layout_loops_ring,
          grunt_temple_overflow_order_and_chaos_1, tso_oasis_becter,
          general_overflow_altar, corexii_shack, nicolae_shop_vocational
D:5:      layout_gridville, temple_pool_b, serial_shops, shop,
          kennysheep_generic_room_5
Temple:   nicolae_temple_ecumenical_triangle

Skill      XL: |  1  2  3  4  5  6 |
---------------+-------------------+-----
Necromancy     | 5 |  5.6
Spellcasting   | 3 4 |  4.7
Stealth        | 2 |  2.3
Translocations | 1 2 |  2.1
Poison Magic   | 1 |  1.6
Dodging        | |  1.8
Shields        | |  0.1
Transmutations | |  0.1

Action                     |  1- 3 |  4- 6 || total
---------------------------+-------+-------++-------
  Melee: Dagger            |     3 |       ||     3
         Whip              |       |    87 ||    87
         Kick              |       |    17 ||    17
         Punch             |       |     3 ||     3
   Cast: Necrotise         |    71 |    60 ||   131
         Sting             |     2 |     2 ||     4
         Vampiric Draining |       |     4 ||     4
         Poisonous Vapours |       |     7 ||     7
 Armour: Robe              |     2 |     8 ||    10
  Dodge: Dodged            |    14 |    47 ||    61
  Block: Other             |     4 |    18 ||    22
   Form: Beast             |       |     1 ||     1

Table legend: (Time is in decaauts)
 A = Elapsed time spent in this place.
 B = Non-inter-level travel time spent in this place.
 C = Inter-level travel time spent in this place.
 D = Time resting spent in this place.
 E = Time spent auto-exploring this place.
 F = Levels seen in this place.
 G = Mean time per level.
                   A        B        C        D        E       F      G
               +--------+--------+--------+--------+--------+-----+--------+
         Total |   3985 |   3906 |     79 |    621 |   2560 |   6 |  664.2 |
       Dungeon |   3808 |   3729 |     79 |    491 |   2560 |   5 |  761.6 |
        Temple |    177 |    177 |      0 |    130 |      0 |   1 |  177.0 |
               +--------+--------+--------+--------+--------+-----+--------+

Top non-repeatable levels by time:
     D:4: 1048 daAuts
     D:1: 979 daAuts
     D:3: 777 daAuts
     D:2: 745 daAuts
     D:5: 257 daAuts
  Temple: 177 daAuts
